 Dungeon Crawl Stone Soup version 0.24.0-28-g17ded55e90 (console) character file.

Game seed: 18252219159743248139, levelgen mode: deterministic

1845 Morrissey the Covert (level 8, -2/41 HPs)
             Began as a Vampire Enchanter on Nov 13, 2019.
             Slain by a black bear (4 damage)
             ... on level 6 of the Dungeon.
             The game lasted 00:14:38 (4905 turns).

Morrissey the Covert (Vampire Enchanter)            Turns: 4905, Time: 00:14:38

Health: -2/41      AC:  2    Str:  7    XL:     8   Next: 88%
Magic:  11/11      EV: 21    Int: 19    God:
Gold:   295        SH:  0    Dex: 15    Spells: 5/11 levels left

rFire    . . .     SeeInvis +   a - +1 dagger (elec)
rCold    + + .     Gourm    .   (no shield)
rNeg     + + +     Faith    .   b - +0 robe
rPois    ∞         Spirit   .   (no helmet)
rElec    .         Reflect  .   (no cloak)
rCorr    .         Harm     .   (no gloves)
MR       .....                  (no boots)
Stlth    ++++++....             h - amulet of magic regeneration
HPRegen  0.00/turn              w - +5 ring of evasion
MPRegen  0.37/turn              (no ring)

@: bloodless, regenerating quickly
A: no food, fangs 3, see invisible, unbreathing
a: Bat Form, Revivify


You were on level 6 of the Dungeon.
You were bloodless.

You visited 1 branch of the dungeon, and saw 6 of its levels.
You also visited: Ossuary.

You collected 295 gold pieces.

Inventory:

Hand Weapons
 a - a +1 dagger of electrocution (weapon)
 j - a +1 dagger
 k - a +2 vampiric dagger
Armour
 b - a +0 robe (worn)
Magical Staves
 d - an uncursed staff of poison
Jewellery
 h - an amulet of magic regeneration (around neck)
 w - a +5 ring of evasion (left hand)
Wands
 v - a wand of random effects (15)
 y - a wand of paralysis (8)
Scrolls
 c - 3 scrolls of amnesia
 e - 5 scrolls of fog
 f - 3 scrolls of remove curse {unknown}
 g - a scroll of blinking {unknown}
 l - 3 scrolls of enchant weapon {unknown}
 n - a scroll of random uselessness {unknown}
 o - 2 scrolls of fear {unknown}
 p - 3 scrolls of teleportation {unknown}
 r - a scroll of magic mapping {unknown}
 t - 2 scrolls of immolation {unknown}
 x - 2 scrolls of enchant armour {unknown}
Potions
 i - 3 potions of haste
 m - 3 potions of flight
 q - 4 potions of curing
 s - a potion of resistance {unknown}
 u - 4 potions of heal wounds
 z - 2 potions of magic


   Skills:
 + Level 6.3 Short Blades
 + Level 6.6 Dodging
 + Level 10.0 Stealth
 - Level 2.0 Spellcasting
 - Level 9.2 Hexes


You had 5 spell levels left.
You knew the following spells:

 Your Spells              Type           Power        Failure   Level  Hunger
a - Corona                Hex            #####..      1%          1    N/A
b - Ensorcelled Hibernat  Hex/Ice        ###...       3%          2    N/A
c - Confuse               Hex            #####...     1%          3    N/A

Your spell library contained the following spells:

 Spells                   Type           Power        Failure   Level  Hunger
 Tukima's Dance           Hex            #####...     1%          3    N/A
 Dazzling Spray           Conj/Hex       ###...       8%          3    N/A

Dungeon Overview and Level Annotations

Branches:
Dungeon (6/15)            Ossuary (visited)
 Temple: D:4-7

Altars:
Cheibriados
Dithmenos
Gozag
Hepliaklqana
Okawaru
Qazlal
Xom
Yredelemnul
The Shining One

Shops:
D:5 (


Innate Abilities, Weirdness & Mutations

You do not eat.
You do not regenerate when monsters are visible.
You are frail without blood (-20% HP).
You can heal yourself when you bite living creatures.
You are immune to poison.
You have razor-sharp teeth.
You have supernaturally acute eyesight. (SInv)
You can survive without breathing.


Message History

You start resting.
Magic restored.
There is a stone staircase leading up here.
A centaur comes into view.
Found a ration.
Found 2 potions of curing.
A black bear comes into view.
The centaur shouts!
The black bear growls angrily.
You hear a shout!
You hear an angry hiss.
The centaur wields a +0 shortbow.
The centaur shoots an arrow.
The arrow hits you!
* * * LOW HITPOINT WARNING * * *
An orc comes into view. It is wielding a -1 club.
You hear a shout!
You see here an arrow.
An orc comes into view. It is wielding a -3 mace.
There is a stone staircase leading up here.
The black bear completely misses you. The black bear closely misses you.
The black bear claws you.
You die...

##..##...[..# #.# #####
###.......######.# #...#
#[..#...#..###...#######
#...#
...####.[..............###
#...# ####
##.....%########...###.<.#
#
##.##.############.......#
.
#..##...............##...#
..
#.######oh.###########...#
.Z#####.###co..#@# #...#
.......o.o..####.# #####
..#(##.###### #.# #....#
#.## ######### ###.##
#..## #.......# ...#
##..####.......# ..#..#
##...##.......# ..# #.#
###..#.......# #%. ..###
##.........#


You could see a black bear and an orc.

Vanquished Creatures
  Eustachio (D:5)
  An ice beast (D:6)
  A phantom (D:4)
  A black bear (D:4)
  4 ogres
  4 water moccasin zombies
  4 crimson imps
  A quasit (D:5)
  A hound (D:4)
  A jelly (D:6)
  2 orc priests
  3 orc wizards
  A bullfrog skeleton (D:5)
  A centaur skeleton (D:5)
  Terence (D:2)
  3 worker ants
  5 big kobold zombies (Ossuary)
  2 mummies (Ossuary)
  5 adders
  5 gnolls (D:3)
  3 oozes
  5 adder zombies
  An adder skeleton (D:4)
  4 dart slugs
  3 worms
  3 leopard geckos
  12 orcs
  5 giant cockroaches
  4 gnoll zombies (Ossuary)
  3 goblins
  3 hobgoblins
  7 jackals
  8 kobolds
  6 quokkas
  8 bats
  4 frilled lizards
  7 hobgoblin zombies (Ossuary)
  3 kobold zombies (Ossuary)
  2 orc zombies (Ossuary)
  A quokka skeleton (D:4)
  8 rats
  2 rat zombies (D:5)
149 creatures vanquished.

Vanquished Creatures (others)
  An ogre (D:5)
  A centaur (D:5)
  An iguana (D:5)
  2 worker ants (D:5)
  A leopard gecko (D:5)
  An orc (D:5)
  A giant cockroach (D:5)
8 creatures vanquished.

Grand Total: 157 creatures vanquished

Notes
Turn   | Place    | Note
-------+----------+-------------------------------------------
     0 | D:1      | Morrissey the Vampire Enchanter began the quest for the
                  | Orb.
     0 | D:1      | Reached XP level 1. HP: 13/13 MP: 3/3
   180 | D:1      | Reached XP level 2. HP: 19/19 MP: 5/5
   245 | D:1      | Reached skill level 5 in Hexes
   250 | D:1      | Learned a level 2 spell: Ensorcelled Hibernation
   540 | D:1      | Reached XP level 3. HP: 24/24 MP: 6/6
   580 | D:1      | HP: 1/24 [kobold/+1 dagger of electrocution (14)]
   873 | D:2      | Reached skill level 5 in Stealth
   944 | D:2      | Found a snail-covered altar of Cheibriados.
  1001 | D:2      | Learned a level 3 spell: Confuse
  1129 | D:2      | Noticed Terence
  1136 | D:2      | Killed Terence
  1136 | D:2      | Reached XP level 4. HP: 21/21 MP: 7/7
  1949 | D:3      | Reached XP level 5. HP: 24/24 MP: 8/8
  2514 | D:4      | Found a hazy altar of Hepliaklqana.
  2526 | D:4      | Noticed a phantom
  2532 | D:4      | Killed a phantom
  2532 | D:4      | Reached skill level 6 in Stealth
  2532 | D:4      | Reached XP level 6. HP: 28/28 MP: 6/9
  2703 | D:4      | Found a stormy altar of Qazlal.
  3237 | D:4      | Reached XP level 7. HP: 36/36 MP: 10/10
  3275 | D:4      | Reached skill level 7 in Stealth
  3701 | D:5      | Entered Level 5 of the Dungeon
  3747 | D:5      | Found a shadowy altar of Dithmenos.
  3915 | D:5      | Found a basalt altar of Yredelemnul.
  3916 | D:5      | Found an opulent altar of Gozag.
  3930 | D:5      | Noticed Eustachio
  3938 | D:5      | Found a shimmering altar of Xom.
  3938 | D:5      | Found Foala's Antique Weapon Emporium.
  3939 | D:5      | Killed Eustachio
  3939 | D:5      | Reached skill level 5 in Dodging
  3939 | D:5      | Reached skill level 8 in Stealth
  3939 | D:5      | Reached XP level 8. HP: 41/41 MP: 11/11
  3959 | D:5      | Reached skill level 5 in Short Blades
  4146 | D:5      | Found a sand-covered staircase.
  4153 | Ossuary  | Entered an ossuary
  4275 | Ossuary  | Reached skill level 9 in Stealth
  4658 | D:6      | Found a glowing golden altar of the Shining One.
  4816 | D:6      | Found an iron altar of Okawaru.
  4850 | D:6      | Reached skill level 10 in Stealth
  4891 | D:6      | HP: 2/41 [centaur/arrow (16)]
  4905 | D:6      | Slain by a black bear

Levels and vault maps discovered:
D:1:      dpeg_arrival_three_bigger_balls, layout_rooms, corner_web_ring
D:2:      layout_basic, kennysheep_slug_shrine, uniq_terence
D:3:      wad_woods_tower, layout_basic, first_ration
D:4:      layout_loops_corners, nicolae_qazlal_general_emergency,
          nicolae_overflow_crystal_walls
D:5:      layout_cave_pools, grunt_dithmenos_smoke, xom_confusion_cloud,
          gammafunk_temple_overflow_pools, serial_shops, shop, enter_ossuary_4,
          uniq_eustachio
D:6:      layout_rooms, lemuel_crystal_altar, okawaru_trees_2,
          minmay_temple_entry_proselytizer

Skill      XL: |  1  2  3  4  5  6  7  8 |
---------------+-------------------------+-----
Hexes          | 5 6 7 8 9 |  9.2
Stealth        | 5 6 8 10 | 10.0
Short Blades   | 2 3 4 6 |  6.3
Dodging        | 3 4 5 6 |  6.6
Spellcasting   | |  2.0

Action                   |  1- 3 |  4- 6 |  7- 9 || total
-------------------------+-------+-------+-------++-------
Melee: Dagger            |   125 |    91 |   160 ||   376
       Bite              |     8 |     5 |    13 ||    26
 Cast: Corona            |     6 |       |       ||     6
       Ensorcelled Hiber |     6 |    21 |    27 ||    54
       Confuse           |     1 |     5 |    28 ||    34
 Abil: Exsanguinate      |     3 |       |       ||     3
       Revivify          |     1 |       |       ||     1
  Use: Scroll            |       |       |     8 ||     8
 Stab: Sleeping          |    14 |    32 |    29 ||    75
       Confused          |       |     1 |    13 ||    14
Armor: Robe              |    37 |     8 |     9 ||    54
Dodge: Dodged            |    91 |    47 |   103 ||   241
